 Dungeon Crawl Stone Soup version 0.20-a0-1127-g1289703 (webtiles) character file.

623374 MenacingMecha the Halfling Catapult (level 27, -2/172 HPs)
             Began as a Halfling Berserker on May 13, 2017.
             Was the Champion of Trog.
             Slain by a Hell Sentinel (25 damage)
             ... summoned by an ancient lich
             ... on level 5 of the Realm of Zot on May 18, 2017.
             The game lasted 09:11:34 (86993 turns).

MenacingMecha the Halfling Catapult (HaBe)         Turns: 86993, Time: 09:11:34

Health: -2/172     AC: 32    Str: 16    XL:     27
Magic:  9/9        EV: 24    Int:  9    God:    Trog [******]
Gold:   5463       SH:  0    Dex: 21    Spells: 26/26 levels left

rFire    + + .     SeeInvis +   E - +5 double sword (antimagic)
rCold    x x .     Gourm    .   (shield currently unavailable)
rNeg     + . .     Faith    .   R - +3 chain mail "Vaxt" {rElec MR- Slay+5}
rPois    +         Spirit   .   f - +2 hat
rElec    +         Reflect  .   g - +2 cloak
rCorr    .         Harm     .   s - +2 pair of gloves {archery} {Ranged Slay+4}
MR       ++...     NoCast   +   B - +1 pair of boots of Liberalism {-Cast rPois rN+ SInv}
Stlth    ++++++....             l - amulet of regeneration {+regen, !d}
Regen    0.8/turn               d - ring of fire {rF+, rC-}
MPRegen  0.2/turn               w - ring of fire {rF+, rC-}

@: lethally poisoned (-2 -> -3), hasted and slowed, drained
A: horns 1, iridescent scales 1, camouflage 1, dopey 1, frail 1, low mp 1, magic
resistance 1, mutation resistance 1, weak 1
}: 3/15 runes: barnacled, abyssal, gossamer
a: Berserk, Trog's Hand, Brothers in Arms, Burn Spellbooks, Renounce Religion


You were on level 5 of the Realm of Zot.
You worshipped Trog.
Trog was exalted by your worship.
You were very hungry.

You visited 9 branches of the dungeon, and saw 46 of its levels.
You visited the Abyss 3 times.
You also visited: Labyrinth, Sewer, Ice Cave and Desolation.

You collected 7551 gold pieces.
You spent 2088 gold pieces at shops.

Inventory:

Hand Weapons
 a - a +8 demon blade of electrocution
   (Trog gifted it to you on level 11 of the Dungeon)
 b - a +9 fustibalus of flaming
   (You acquired it on level 7 of the Dungeon)
 E - a +5 antimagic double sword (weapon)
   (Trog gifted it to you on level 1 of the Shoals)
Missiles
 A - 1227 stones (quivered)
 P - 546 sling bullets
 Z - 9 throwing nets
Armour
 f - a +2 hat (worn)
   (You found it on level 6 of the Lair of Beasts)
 g - a +2 cloak (worn)
   (You took it off a draconian knight on level 3 of the Realm of Zot)
 s - a +2 pair of gloves of archery (worn) {Ranged Slay+4}
   (You found it on level 6 of the Dungeon)
 t - a +0 shield of reflection {Ref}
   (You took it off Donald on level 1 of the Spider Nest)
 B - the +1 pair of boots of Liberalism (worn) {-Cast rPois rN+ SInv}
   (You acquired it on level 2 of the Vaults)

   It protects you from poison.
   It protects you from negative energy.
   It lets you see invisible.
   It prevents spellcasting.
 R - the +3 chain mail "Vaxt" (worn) {rElec MR- Slay+5}
   (You found it on level 3 of the Lair of Beasts)

   It affects your accuracy and damage with ranged weapons and melee attacks
   (+5).
   It insulates you from electricity.
   It affects your resistance to hostile enchantments.
Jewellery
 d - a ring of fire (left hand) {rF+, rC-}
   (You took it off a red devil on level 4 of the Depths)
 h - an uncursed ring of protection from cold {rC+}
   (You found it in a labyrinth)
 i - an uncursed ring of resist corrosion
   (You found it on level 1 of the Dungeon)
 l - an amulet of regeneration (around neck) {+regen, !d}
   (You found it in an ice cave)
 w - a ring of fire (right hand) {rF+, rC-}
   (You found it in a labyrinth)
 K - the ring "Postyvec" {rC+ rN+ MR+ Int-4}
   (You found it in the Desolation of Salt)

   [ring of protection from cold]

   It affects your intelligence (-4).
   It protects you from cold.
   It protects you from negative energy.
   It affects your resistance to hostile enchantments.
 N - the ring "Ynaom" {+Fly MP+9 Dex-2 Slay+5 SInv}
   (You found it in the Desolation of Salt)

   [ring of flight]

   It affects your dexterity (-2).
   It affects your accuracy and damage with ranged weapons and melee attacks
   (+5).
   It affects your magic capacity (+9).
   It lets you see invisible.
   It lets you fly.
Wands
 k - a wand of lightning (5/15)
   (You found it in an ice cave)
 x - a wand of iceblast (5/15)
   (You found it on level 1 of the Realm of Zot)
 C - a wand of acid (8/15)
   (You found it on level 7 of the Dungeon)
 X - a wand of digging (10/24)
   (You found it on level 2 of the Spider Nest)
 Y - a wand of iceblast (7/15)
   (You found it on level 8 of the Dungeon)
Scrolls
 e - 12 scrolls of teleportation
 q - 7 scrolls of fog
 r - 5 scrolls of remove curse
 y - 7 scrolls of blinking
 D - 6 scrolls of silence
 I - 3 scrolls of summoning
 J - 16 scrolls of identify
 O - 5 scrolls of recharging
 U - 5 scrolls of fear
Potions
 m - 2 potions of heal wounds
 n - 6 potions of invisibility
 o - 11 potions of curing
 p - 3 potions of agility
 v - 7 potions of cancellation
 z - 3 potions of resistance
 G - 4 potions of ambrosia
 L - 6 potions of might
 S - 5 potions of haste
Books
 T - a book of Party Tricks
   (You found it on level 2 of the Realm of Zot)
Miscellaneous
 c - a phantom mirror
 H - a fan of gales
   (You found it on level 2 of the Abyss)
 M - a lamp of fire
   (You found it on level 4 of the Depths)
 Q - a box of beasts
 V - a sack of spiders
Comestibles
 j - a bread ration
 u - 20 royal jellies


   Skills:
 + Level 17.0(16.8) Fighting
 - Level 15.0(14.8) Long Blades
 O Level 27(26.7) Slings
 - Level 19.2(18.9) Armour
 - Level 20.0(19.7) Dodging
 - Level 19.5(19.3) Stealth
 - Level 21.1(20.9) Shields
 - Level 13.2(13.0) Evocations


You had 26 spell levels left.
You didn't know any spells.

Dungeon Overview and Level Annotations

Branches:
Dungeon (15/15)            Temple (1/1) D:4            Lair (6/6) D:9
 Shoals (4/4) Lair:4       Spider (4/4) Lair:3        Slime (0/5) Lair:6
    Orc (2/2) D:11         Vaults (4/5) D:14          Crypt (0/3) Vaults:2
 Depths (5/5) D:15            Zot (5/5) Depths:5
    Elf: Orc:2

Altars:
Ashenzari
Cheibriados
Dithmenos
Elyvilon
Fedhas
Gozag
Hepliaklqana
Kikubaaqudgha
Makhleb
Nemelex Xobeh
Okawaru
Qazlal
Ru
Sif Muna
Trog
Uskayaw
Vehumet
Wu Jian
Xom
Yredelemnul
Zin
The Shining One
Beogh
Lugonu

Shops:
D:5 [   D:10 *   D:13 (   D:15 (   Orc:2 (   Shoals:1 (   Vaults:1 (
Vaults:2 :   Vaults:3 ?   Vaults:4 %   Depths:2 *:   Depths:3 **[

Portals:
Hell: Depths:1 Depths:2 Depths:3 Depths:4 Depths:5
Abyss: Depths:2 Depths:4
Pandemonium: Depths:3 Depths:4
Ziggurat: Depths:4

Annotations:
Lair:2 stash
Shoals:3 kraken
Shoals:4 incomplete
Depths:1 pack of very ugly things right by entrance
Zot:4 Tiamat


Innate Abilities, Weirdness & Mutations

You are small and have problems with some larger weapons.
You are somewhat resistant to further mutation.
You have a pair of small horns on your head.
You are partially covered in iridescent scales. (AC +2)
Your skin changes colour to match your surroundings (Stealth+).
You are dopey. (Int -2)
You are frail. (-10% HP)
Your magical capacity is low. (-10% MP)
You are resistant to hostile enchantments. (MR+)
You are weak. (Str -2)


Message History

The golden dragon bites you!
The golden dragon claws you but does no damage.
The golden dragon completely misses you.
You slice the orb of fire!!
The orb of fire's magic leaks into the air.
Your headbutt misses the orb of fire.
The orb of fire is almost destroyed.
You slice the orb of fire!!
You destroy the orb of fire!
Trog accepts your kill.
The golden dragon breathes poison at you.
The blast of poison engulfs you!
You are poisoned.
You resist.
You hit the golden dragon.
You headbutt the golden dragon, but do no damage.
The golden dragon is lightly wounded.
You feel sick.
You slice the golden dragon!! You headbutt the golden dragon!
The golden dragon is heavily wounded.
The golden dragon misses you.
You riposte.
You hit the golden dragon.
The golden dragon is heavily wounded.
The golden dragon claws you but does no damage.
The golden dragon tramples you but does no damage.
You closely miss the golden dragon.
The golden dragon is heavily wounded.
You feel sick.
You slice the golden dragon!! You headbutt the golden dragon.
The golden dragon is severely wounded.
The golden dragon misses you.
You riposte.
You hit the golden dragon.
The golden dragon is severely wounded.
The golden dragon closely misses you.
The golden dragon tramples you but does no damage.
The ancient lich gestures at you while chanting.
The iron shot misses you.
You slash the golden dragon!
You headbutt the golden dragon, but do no damage.
The golden dragon is almost dead.
You feel sick.
The golden dragon breathes poison at you.
The blast of poison engulfs you!
You are more poisoned.
You resist.
You slash the golden dragon!
The golden dragon is almost dead.
You feel sick.
You hit the golden dragon.
You kill the golden dragon!
Trog accepts your kill.
Your Fighting skill increases to level 17!
You barely miss the ancient lich.
You feel sick.
You slash the ancient lich!
The ancient lich's magic leaks into the air.
You headbutt the ancient lich!
The ancient lich is lightly damaged.
You feel sick.
The ancient lich gestures wildly while chanting.
The ancient lich flickers and vanishes for a moment.
You slice the ancient lich!!
The ancient lich's magic leaks into the air.
The ancient lich is moderately damaged.
You are no longer berserk.
You are exhausted.
You feel yourself slow down.
You feel sick.
You completely miss the ancient lich. Your headbutt misses the ancient lich.
The ancient lich is moderately damaged.
You feel sick.
The ancient lich touches you but does no damage.
The ancient lich casts a spell.
You slash the ancient lich!
The ancient lich's magic leaks into the air.
The ancient lich is heavily damaged.
You feel sick. The ancient lich touches you! You partially resist.
You feel drained.
You slice the ancient lich!!
The ancient lich's magic leaks into the air.
Your headbutt misses the ancient lich.
The ancient lich is heavily damaged.
You feel sick. The ancient lich completely misses you.
You riposte.
You hit the ancient lich but do no damage.
The ancient lich is heavily damaged.
You slash the ancient lich!
The ancient lich's magic leaks into the air.
The ancient lich is severely damaged.
You feel sick. The ancient lich barely misses you. The Hell Sentinel hits you!!
* * * LOW HITPOINT WARNING * * *
The Hell Sentinel hits you but does no damage.
You feel yourself speed up.
You feel sick. The Hell Sentinel hits you!
* * * LOW HITPOINT WARNING * * *
The Hell Sentinel hits you!
* * * LOW HITPOINT WARNING * * *
The ancient lich completely misses you.
You riposte.
You barely miss the ancient lich. You headbutt the ancient lich!
The ancient lich is severely damaged.
You slash the ancient lich!
The ancient lich's magic leaks into the air.
You headbutt the ancient lich.
The ancient lich is almost destroyed.
You feel sick. The Hell Sentinel hits you!!
You die...

#...###### ##...#######...# #...#
#....#....##...# #######
#####....#....####.#
##...########...#...##^...# ###
..........................#########
....................).....##...##..
....................).)<...#.......
##...######...#...#####[...........
##(.### #...#..@# ##....###...#
#....## #...#.1L# #......*...#
###.....#####.....##########......#
.(..................)...⌠..........
###.....#####...#####....###...####
#..⌠..................*..........
#................................
#####...########..<.....#########
##### #........#


You could see a Hell Sentinel and an ancient lich (invisible).

Vanquished Creatures
  3 ancient liches (Zot:5)
  3 orbs of fire
  Sojobo (Depths:1)
  Saint Roka (Vaults:3)
  A caustic shrike (Depths:2)
  Xtahua (Depths:3)
  3 curse toes
  Jory (Vaults:3)
  A Killer Klown (Zot:3)
  2 bone dragons
  7 golden dragons
  2 profane servitors (Abyss:3)
  11 tentacled monstrosities
  5 electric golems
  A Hell Sentinel (Abyss:1)
  Rupert (Lair:5)
  8 liches
  2 Orb Guardians (Zot:5)
  8 quicksilver dragons
  3 Executioners
  Donald (Spider:1)
  5 sphinxes
  10 tentacled starspawn
  8 death cobs
  6 tengu reavers
  17 storm dragons
  4 draconian monks
  A daeva (Depths:2)
  2 thorn hunters
  5 draconian scorchers
  Ilsuiw (Shoals:4)
  8 fire giants
  3 shadow dragons
  An iron dragon (Depths:3)
  5 ghost moths
  Aizul (Vaults:2)
  4 emperor scorpions
  3 deep elf sorcerers
  11 vault wardens
  10 draconian knights
  5 draconian stormcallers
  3 balrugs
  The ghost of Tinos the Imperceptible, an adept SpEn of Dithmenos (Depths:1)
  8 frost giants
  The ghost of Eptagon the Severer, a journeyman MiBe of Trog (D:11)
  A reaper (Abyss:1)
  2 imperial myrmidons (Desolation)
  3 draconian shifters
  10 draconian annihilators
  A cacodemon (Abyss:3)
  14 ironheart preservers
  The ghost of Arauce the Bludgeoner, a journeyman GrFi of the Shining One (Spider:4)
  48 very ugly things
  14 stone giants
  2 entropy weavers
  9 green draconians
  3 halazid warlocks (Desolation)
  16 red draconians
  11 purple draconians
  6 vampire knights
  9 black draconians
  15 yellow draconians
  A lorocyproca (Abyss:3)
  10 white draconians
  13 ettins
  7 spark wasps
  5 merfolk javelineers
  A crystal guardian (Vaults:4)
  A minotaur (Lab)
  A deep elf death mage (Vaults:2)
  Josephine (D:13)
  5 ragged hierophants (Desolation)
  2 blizzard demons
  The ghost of gorpus the Eclecticist, a journeyman DECj of Ashenzari (Lair:6)
  A deep elf high priest (Depths:4)
  5 merfolk impalers
  8 great orbs of eyes
  2 jiangshi (Depths:3)
  6 fire dragons
  9 yaktaur captains
  Erolcha (D:9)
  A spriggan air mage (Depths:5)
  16 vault guards
  10 peacekeepers
  9 rakshasas
  An alligator snapping turtle (Shoals:4)
  15 ice dragons
  6 servants of whispers (Desolation)
  2 catoblepae (Depths:2)
  A merfolk avatar (Shoals:3)
  15 hydras
  2 merfolk aquamancers
  4 death knights
  19 ogre magi
  71 two-headed ogres
  6 centaur warriors
  A death yak (shapeshifter) (Vaults:4)
  10 deep troll shamans
  4 tengu warriors
  An orc high priest (Orc:2)
  3 alligators (Depths:4)
  5 hell hogs
  3 satyrs
  6 death yaks
  10 deep troll earth magi
  A shock serpent (shapeshifter) (Vaults:4)
  Sonja (Orc:2)
  2 vampire magi
  Nergalle (Lair:3)
  13 hell knights
  4 spriggan berserkers
  2 storm dragon zombies
  15 thrashing horrors
  A sun demon (Depths:4)
  3 soul eaters
  5 deep elf knights
  A salamander mystic (Depths:3)
  5 skeletal warriors
  12 wretched stars
  3 spatial maelstroms
  4 iron trolls
  A shadow wraith (Vaults:1)
  12 sea snakes
  An unseen horror (shapeshifter) (Abyss:3)
  7 glowing orange brains
  A sixfirhy (Abyss:3)
  25 deep trolls
  3 unseen horrors
  6 flayed ghosts
  A deep troll (shapeshifter) (Depths:3)
  A deep elf archer (Vaults:3)
  4 swamp dragons
  18 ironbrand convokers
  16 orb spiders
  8 deep elf magi
  5 wizards
  13 orc knights
  6 necromancers
  20 harpies
  33 wolf spiders
  20 fauns
  A phantasmal warrior (Abyss:3)
  8 orc sorcerers
  A manticore (shapeshifter) (Vaults:2)
  3 salamanders (Depths:3)
  57 ugly things
  3 human zombies
  8 manticores
  An orb spider (shapeshifter) (Vaults:1)
  8 merfolk sirens
  4 worldbinders
  10 cyclopes
  21 moths of wrath
  An elephant (shapeshifter) (D:15)
  An apocalypse crab (Abyss:3)
  An orc zombie (Vaults:3)
  A stone giant skeleton (Vaults:2)
  5 black mambas
  8 vault sentinels
  A water nymph (Shoals:3)
  An ice statue (IceCv)
  11 smoke demons
  3 gargoyles
  Maurice (D:11)
  A water nymph (shapeshifter) (Vaults:1)
  3 guardian serpents
  2 orange demons
  A rust devil (Abyss:2)
  2 centaur zombies
  An eye of devastation (Lair:6)
  A dire elephant skeleton (Abyss:1)
  23 spiny frogs
  2 torpor snails
  53 yaktaurs
  A yaktaur (shapeshifter) (Vaults:4)
  9 komodo dragons
  A troll (shapeshifter) (D:13)
  5 freezing wraiths
  24 demonic crawlers
  An efreet (Abyss:2)
  2 hellwings
  4 ancient zymes
  6 ice devils
  A red devil (Depths:4)
  3 tengu conjurers
  5 tyrant leeches (Lair:6)
  10 trolls
  A queen bee (D:11)
  32 jumping spiders
  15 polar bears
  11 merfolk
  A wolf spider simulacrum (D:15)
  24 raiju
  A wind drake (Shoals:1)
  45 saltlings
  A fire dragon zombie (Abyss:1)
  11 hornets
  10 snapping turtles
  22 slime creatures
  14 dream sheep
  21 blink frogs
  2 frost giant simulacra (Vaults:2)
  An ettin zombie (Abyss:1)
  3 air elementals
  10 hippogriffs
  An ettin skeleton (Abyss:1)
  4 shadows
  4 flying skulls (Abyss:3)
  The ghost of gorpus the Magician, an amateur DENe of Kikubaaqudgha (D:5)
  9 wyverns
  2 spriggans
  3 tarantellas (shapeshifter)
  29 tarantellas
  12 wraiths
  73 redbacks
  3 vampires
  11 ynoxinuls
  4 fire bats (D:8)
  30 yaks
  6 hungry ghosts
  7 water elementals
  2 golden eyes (shapeshifter)
  12 golden eyes
  3 basilisks
  A hog (shapeshifter) (Vaults:1)
  Grum (Lair:1)
  8 vampire mosquitoes
  A steam dragon (D:9)
  5 chaos spawn
  9 neqoxecs
  6 wargs
  5 spatial vortices
  4 swamp worms (Depths:4)
  27 large abominations
  2 soldier ants
  3 insubstantial wisps (Abyss:3)
  8 water moccasins
  5 hell hounds
  4 acid dragons
  2 floating eyes
  32 orc warriors
  10 porcupines
  A swamp drake (Depths:4)
  2 ice beasts
  6 phantoms
  5 sky beasts
  7 eyes of draining
  A black bear (D:7)
  20 starcursed masses
  A necrophage (D:13)
  37 ogres
  22 wolves
  4 boggarts (Depths:3)
  3 human skeletons (Vaults:3)
  14 centaurs
  An orc skeleton (Vaults:2)
  22 small abominations
  17 crocodiles
  9 big kobolds
  35 bullfrogs
  A wyvern skeleton (D:11)
  7 scorpions
  53 killer bees
  3 human simulacra
  An orc simulacrum (Vaults:1)
  4 electric eels
  8 wights
  8 howler monkeys
  10 crimson imps
  4 quasits (Abyss:3)
  2 lava snakes (D:8)
  2 bullfrog zombies
  29 orc wizards
  2 yaktaur simulacra (Vaults:1)
  2 bullfrog skeletons
  6 hounds
  8 jellies
  5 centaur skeletons
  15 orc priests
  2 iron imps (Abyss:2)
  Jessica (D:2)
  3 iguanas
  Terence (D:2)
  15 worker ants
  A troll simulacrum (Abyss:2)
  A hell rat (Depths:1)
  A hound skeleton (D:8)
  A howler monkey zombie (D:8)
  A worker ant zombie (D:9)
  7 gnolls
  18 adders
  A howler monkey skeleton (D:6)
  3 shadow imps
  5 white imps
  2 ufetubi
  10 oozes
  2 adder zombies
  5 worms
  A dart slug (D:1)
  3 leopard geckos
  136 orcs
  6 giant cockroaches
  12 goblins
  10 hobgoblins
  4 jackals (D:2)
  6 quokkas
  9 ball pythons
  A ball python skeleton (D:3)
  9 bats
  5 frilled lizards
  A jackal skeleton (D:8)
  A jackal zombie (D:8)
  28 kobolds
  A leopard gecko zombie (D:7)
  2 quokka skeletons
  14 rats
  A briar patch (Depths:3)
  2 fire vortices (D:8)
  13 plants
  6 starspawn tentacles (Abyss:3)
2551 creatures vanquished.

Vanquished Creatures (collateral kills)
  A vault warden (Vaults:3)
  A frost giant (Shoals:4)
  An imperial myrmidon (Desolation)
  A merfolk javelineer (Shoals:4)
  4 merfolk impalers (Shoals:4)
  A ragged hierophant (Desolation)
  A merfolk avatar (Shoals:4)
  A servant of whispers (Desolation)
  A merfolk aquamancer (Shoals:4)
  A deep elf knight (Vaults:3)
  A harpy (Shoals:4)
  A cyclops (Shoals:4)
  2 merfolk sirens (Shoals:4)
  A komodo dragon (shapeshifter) (Vaults:3)
  3 yaktaurs (Vaults:3)
  2 merfolk (Shoals:4)
  4 saltlings (Desolation)
  2 polar bears (IceCv)
  A killer bee (D:11)
30 creatures vanquished.

Vanquished Creatures (others)
  A draconian knight (Zot:3)
  A stone giant (Depths:4)
  Nessos (Lair:6)
  4 yaktaur captains
  A peacekeeper (Desolation)
  2 centaur warriors
  A thrashing horror (Abyss:2)
  A cyclops (Vaults:1)
  6 yaktaurs
  3 polar bears (IceCv)
  A saltling (Desolation)
  A water elemental (Depths:3)
  2 yaks (IceCv)
  A swamp drake (Depths:4)
  7 wolves (IceCv)
  A crocodile (Lair:6)
  2 ufetubi (Abyss:2)
  2 briar patches (Depths:4)
  A fire vortex (D:8)
  3 fungi
  42 plants
  17 starspawn tentacles
  7 tentacles (Shoals:1)
108 creatures vanquished.

Grand Total: 2689 creatures vanquished

Notes
Turn   | Place    | Note
-------+----------+-------------------------------------------
     0 | D:1      | MenacingMecha the Halfling Berserker began the quest for the Orb.
     0 | D:1      | Reached XP level 1. HP: 15/15 MP: 1/1
    29 | D:1      | Reached XP level 2. HP: 11/20 MP: 2/2
   466 | D:1      | Reached skill level 4 in Long Blades
   466 | D:1      | Reached XP level 3. HP: 24/25 MP: 3/3
   934 | D:2      | Reached ** piety under Trog
   994 | D:2      | Reached XP level 4. HP: 21/30 MP: 4/4
  1118 | D:2      | HP: 7/30 [poisoned by an adder]
  1317 | D:2      | Reached skill level 5 in Long Blades
  1535 | D:2      | Reached XP level 5. HP: 16/35 MP: 5/5
  1655 | D:2      | Noticed Terence
  1676 | D:2      | Killed Terence
  1940 | D:2      | Noticed Jessica
  1951 | D:2      | Killed Jessica
  1951 | D:2      | Reached skill level 6 in Long Blades
  1964 | D:2      | Identified Jessica's Tome of Execration
  2441 | D:3      | Reached skill level 2 in Slings
  2441 | D:3      | Reached XP level 6. HP: 20/41 MP: 6/6
  3036 | D:3      | Reached *** piety under Trog
  3270 | D:3      | Reached skill level 2 in Shields
  3608 | D:4      | Reached skill level 3 in Shields
  3842 | D:4      | Found a staircase to the Ecumenical Temple.
  3859 | D:4      | Reached XP level 7. HP: 41/45 MP: 7/7
  3872 | Temple   | Entered the Ecumenical Temple
  4329 | D:4      | Found a stormy altar of Qazlal.
  4562 | D:5      | Entered Level 5 of the Dungeon
  4729 | D:5      | Reached skill level 4 in Shields
  4743 | D:5      | Noticed gorpus's ghost (amateur DENe)
  4834 | D:5      | Found a hazy altar of Hepliaklqana.
  4883 | D:5      | Found a blossoming altar of Fedhas.
  4886 | D:5      | Found an ornate altar of the Wu Jian Council.
  5338 | D:5      | Found Reoloido's Armour Boutique.
  5343 | D:5      | Bought a +2 ring mail of cold resistance for 252 gold pieces
  5460 | D:6      | Reached skill level 7 in Long Blades
  5548 | D:6      | Reached XP level 8. HP: 45/51 MP: 8/8
  5640 | D:6      | Found a glowing drain.
  5648 | Sewer    | Entered a sewer
  5949 | Sewer    | Reached skill level 3 in Slings
  5956 | Sewer    | Reached skill level 4 in Slings
  6165 | Sewer    | Reached skill level 5 in Slings
  6205 | Sewer    | Reached skill level 6 in Slings
  6307 | Sewer    | Reached **** piety under Trog
  6460 | Sewer    | Reached skill level 13 in Long Blades
  6460 | Sewer    | Reached XP level 9. HP: 55/55 MP: 9/9
  6462 | Sewer    | Gained mutation: You are partially covered in iridescent scales. (AC +2) [potion of mutation]
  6462 | Sewer    | Gained mutation: You have a pair of small horns on your head. [potion of mutation]
  6561 | D:6      | Reached skill level 3 in Dodging
  6621 | D:6      | Gained mutation: You are resistant to hostile enchantments. (MR+) [mutagenic meat]
  6622 | D:6      | Gained mutation: Your skin changes colour to match your surroundings (Stealth+). [mutagenic meat]
  6697 | D:6      | Reached skill level 4 in Dodging
  7141 | D:7      | Reached skill level 5 in Dodging
  7141 | D:7      | Reached XP level 10. HP: 61/61 MP: 10/10
  7424 | D:7      | Found a deep blue altar of Sif Muna.
  7608 | D:7      | Reached skill level 7 in Slings
  7718 | D:7      | Reached skill level 6 in Dodging
  7733 | D:7      | Received a gift from Trog
  8044 | D:7      | Reached skill level 7 in Dodging
  8174 | D:7      | Identified a scroll of acquirement
  8469 | D:8      | Reached skill level 1 in Evocations
  8677 | D:8      | You fall through a shaft for 3 floors!
  8679 | D:11     | Reached skill level 2 in Evocations
  8729 | D:11     | HP: 13/91 [something (11)]
  8732 | D:11     | Reached skill level 3 in Evocations
  8932 | D:11     | Noticed Eptagon's ghost (journeyman MiBe)
  8982 | D:11     | Reached ***** piety under Trog
  9095 | D:11     | Found a staircase to the Orcish Mines.
  9167 | D:11     | Killed Eptagon's ghost
  9167 | D:11     | Reached skill level 3 in Fighting
  9167 | D:11     | Reached skill level 14 in Long Blades
  9167 | D:11     | Reached XP level 11. HP: 46/68 MP: 13/13
  9220 | D:11     | Noticed a two-headed ogre
  9282 | D:11     | HP: 15/68 [something (10)]
  9291 | D:11     | Killed an unseen horror
  9291 | D:11     | Reached skill level 4 in Fighting
  9567 | D:11     | Got a twisted chain mail
  9570 | D:11     | Identified the +8 chain mail of Divine Intervention {rC+ Dex+5} (You found it on level 11 of the Dungeon)
  9585 | D:10     | Entered Level 10 of the Dungeon
  9879 | D:10     | Reached skill level 3 in Armour
  9941 | D:10     | Reached skill level 1 in Stealth
 10168 | D:10     | Reached skill level 2 in Stealth
 10185 | D:10     | Found Seigrier's Assorted Antiques.
 10188 | D:10     | Bought a jewelled ring mail for 252 gold pieces
 10188 | D:10     | Identified the +1 ring mail "Arrowoeph" {+Inv} (You bought it in a shop on level 10 of the Dungeon)
 10282 | D:10     | Reached skill level 3 in Stealth
 10419 | D:10     | Received a gift from Trog
 10665 | D:9      | Found a white marble altar of Elyvilon.
 10863 | D:9      | Received a gift from Trog
 10981 | D:9      | Noticed Erolcha
 10990 | D:9      | Killed Erolcha
 10990 | D:9      | Reached skill level 5 in Fighting
 10990 | D:9      | Reached skill level 8 in Slings
 11271 | D:9      | Reached skill level 8 in Dodging
 11480 | D:9      | Found a staircase to the Lair.
 11776 | D:9      | Found a shimmering altar of Xom.
 11815 | D:8      | Reached XP level 12. HP: 77/77 MP: 14/14
 11972 | D:8      | Reached skill level 9 in Slings
 12200 | D:5      | Killed gorpus's ghost
 12200 | D:5      | Received a gift from Trog
 12822 | D:8      | Received a gift from Trog
 13206 | Lair:1   | Entered Level 1 of the Lair of Beasts
 13218 | Lair:1   | Reached skill level 5 in Shields
 13387 | Lair:1   | Noticed an eight-headed hydra
 13392 | Lair:1   | Killed an eight-headed hydra
 13392 | Lair:1   | Reached skill level 6 in Shields
 13430 | Lair:1   | Noticed a four-headed hydra
 13435 | Lair:1   | Killed a four-headed hydra
 13435 | Lair:1   | Reached skill level 6 in Fighting
 13606 | Lair:1   | Noticed Grum
 13634 | Lair:1   | Killed Grum
 13943 | Lair:2   | Reached skill level 10 in Slings
 14195 | Lair:2   | Reached skill level 11 in Slings
 14580 | Lair:2   | Noticed a four-headed hydra
 14587 | Lair:2   | Killed a four-headed hydra
 14587 | Lair:2   | Reached skill level 12 in Slings
 14841 | Lair:2   | Reached skill level 13 in Slings
 14841 | Lair:2   | Reached XP level 13. HP: 82/84 MP: 15/15
 15084 | Lair:3   | Found a frozen archway.
 15104 | IceCv    | Entered an ice cave
 15120 | IceCv    | Reached skill level 14 in Slings
 15244 | IceCv    | Reached skill level 4 in Armour
 15496 | IceCv    | Reached skill level 5 in Armour
 15895 | IceCv    | Reached skill level 7 in Shields
 15919 | IceCv    | Reached skill level 6 in Armour
 16231 | IceCv    | Noticed a frost giant
 16258 | IceCv    | Killed a frost giant
 16704 | Lair:3   | Reached skill level 7 in Armour
 16739 | Lair:3   | Reached skill level 8 in Shields
 16925 | Lair:3   | Received a gift from Trog
 16973 | Lair:3   | Found a hole to the Spider Nest.
 17275 | Lair:3   | Noticed an eight-headed hydra
 17283 | Lair:3   | Killed an eight-headed hydra
 17283 | Lair:3   | Reached skill level 7 in Fighting
 17339 | Lair:3   | Got a polished chain mail
 17362 | Lair:3   | Noticed Nergalle
 17379 | Lair:3   | Killed Nergalle
 17379 | Lair:3   | Reached skill level 9 in Dodging
 17634 | Lair:2   | Identified the +3 chain mail "Vaxt" {rElec MR- Slay+5} (You found it on level 3 of the Lair of Beasts)
 18090 | Orc:1    | Entered Level 1 of the Orcish Mines
 18221 | Orc:1    | Received a gift from Trog
 18346 | Orc:1    | Reached skill level 10 in Dodging
 18346 | Orc:1    | Reached XP level 14. HP: 92/92 MP: 16/16
 18374 | Orc:1    | Received a gift from Trog
 18640 | Orc:2    | Entered Level 2 of the Orcish Mines
 18640 | Orc:2    | Noticed Sonja
 18645 | Orc:2    | Killed Sonja
 18964 | Orc:2    | Found Extotoz's Weapon Boutique.
 19044 | Orc:2    | Found a roughly hewn altar of Beogh.
 19062 | Orc:2    | Reached skill level 11 in Dodging
 19136 | Orc:2    | Noticed an orc warlord
 19419 | D:8      | Got a warped great mace
 19896 | D:11     | Reached skill level 12 in Dodging
 19929 | D:11     | Received a gift from Trog
 20194 | D:11     | Received a gift from Trog
 20213 | D:11     | Reached skill level 8 in Fighting
 20464 | D:11     | Noticed Maurice
 20467 | D:11     | Killed Maurice
 20849 | D:12     | Got a jewelled helmet
 21250 | D:12     | Reached skill level 15 in Slings
 22023 | D:13     | Reached ****** piety under Trog
 22048 | D:13     | Noticed Josephine
 22060 | D:13     | Killed Josephine
 22182 | D:13     | Found Wygiv's Weapon Shop.
 22242 | D:13     | Reached skill level 16 in Slings
 22838 | D:14     | Found a gate to the Vaults.
 22997 | D:14     | Found a labyrinth entrance.
 23053 | Lab      | Entered a labyrinth
 24601 | Lab      | Received a gift from Trog
 24601 | Lab      | Reached XP level 15. HP: 81/99 MP: 17/17
 24615 | Lab      | Got a brightly glowing iron amulet
 24637 | D:14     | Identified the amulet of Duomy {Faith Int+3} (You found it in a labyrinth)
 25018 | Lair:4   | Reached skill level 4 in Evocations
 25201 | Lair:4   | Found a staircase to the Shoals.
 25353 | Lair:4   | Reached skill level 5 in Evocations
 25920 | Lair:5   | Reached skill level 6 in Evocations
 26002 | Lair:5   | Noticed Rupert
 26002 | Lair:5   | Paralysed by Rupert for 7 turns
 26019 | Lair:5   | Killed Rupert
 26019 | Lair:5   | Reached skill level 7 in Evocations
 26989 | Lair:5   | Reached skill level 8 in Evocations
 27053 | Lair:6   | Entered Level 6 of the Lair of Beasts
 27069 | Lair:6   | Received a gift from Trog
 27189 | Lair:6   | Noticed Nessos
 27201 | Lair:6   | Killed Nessos
 27201 | Lair:6   | Reached skill level 8 in Armour
 27418 | Lair:6   | Noticed gorpus's ghost (journeyman DECj)
 27435 | Lair:6   | Killed gorpus's ghost
 27483 | Lair:6   | Reached skill level 9 in Armour
 27696 | Lair:6   | Reached skill level 10 in Armour
 27967 | Lair:6   | Found a staircase to the Slime Pits.
 28000 | Lair:6   | Reached skill level 11 in Armour
 28090 | Lair:6   | Reached XP level 16. HP: 105/105 MP: 22/22
 28745 | Shoals:1 | Entered Level 1 of the Shoals
 28745 | Shoals:1 | Found Ybauts's Antique Weapon Boutique.
 28923 | Shoals:1 | Received a gift from Trog
 29071 | Shoals:1 | Reached skill level 13 in Dodging
 29740 | Shoals:1 | Noticed a kraken
 29945 | Shoals:1 | Reached skill level 14 in Dodging
 30337 | Shoals:2 | Reached skill level 9 in Fighting
 30566 | Shoals:2 | Received a gift from Trog
 30731 | Shoals:2 | Reached skill level 10 in Fighting
 31130 | Shoals:3 | Reached skill level 17 in Slings
 31216 | Shoals:3 | Received a gift from Trog
 31239 | Shoals:3 | Reached XP level 17. HP: 80/115 MP: 23/23
 31418 | Shoals:3 | Received a gift from Trog
 31633 | Shoals:3 | Reached skill level 18 in Slings
 31748 | Shoals:3 | Noticed a kraken
 31782 | Shoals:3 | HP: 23/115 [faun/spear[a satyr] (8)]
 31796 | Shoals:3 | HP: 16/115 [faun/stone[a satyr] (10)]
 32264 | Shoals:3 | Received a gift from Trog
 32330 | Shoals:3 | Reached skill level 19 in Slings
 32609 | Spider:1 | Entered Level 1 of the Spider Nest
 32620 | Spider:1 | Got a pair of slimy gloves
 32621 | Spider:1 | Identified the cursed -4 pair of gloves "Bucunos" {rF- Dex+5} (You found it on level 1 of the Spider Nest)
 33060 | Spider:1 | Reached skill level 9 in Evocations
 33146 | Spider:1 | Noticed Donald
 33226 | Spider:1 | Killed Donald
 33310 | Spider:1 | Received a gift from Trog
 33773 | Spider:2 | Reached skill level 9 in Shields
 33996 | Spider:2 | Reached skill level 10 in Shields
 34015 | Spider:2 | Received a gift from Trog
 34527 | Spider:2 | Reached skill level 11 in Shields
 34963 | Spider:2 | Reached XP level 18. HP: 120/120 MP: 25/25
 35108 | Spider:2 | Reached skill level 12 in Shields
 36036 | Spider:3 | Received a gift from Trog
 36984 | D:13     | Reached skill level 13 in Shields
 37239 | D:14     | Received a gift from Trog
 37683 | D:14     | Reached skill level 14 in Shields
 37791 | D:15     | Entered Level 15 of the Dungeon
 37899 | D:15     | Found Kaafaitt's Weapon Emporium.
 37986 | D:15     | Found a staircase to the Depths.
 38397 | D:15     | Reached skill level 15 in Shields
 38582 | D:15     | Found a blossoming altar of Fedhas.
 38774 | Depths:1 | Entered Level 1 of the Depths
 39858 | Spider:4 | Entered Level 4 of the Spider Nest
 39885 | Spider:4 | Received a gift from Trog
 40354 | Spider:4 | Received a gift from Trog
 40354 | Spider:4 | Reached XP level 19. HP: 85/126 MP: 26/26
 40498 | Spider:4 | Reached skill level 16 in Shields
 40670 | Spider:4 | Received a gift from Trog
 41140 | Spider:4 | Noticed Arauce's ghost (journeyman GrFi)
 41200 | Spider:3 | Reached skill level 20 in Slings
 41351 | Spider:4 | Killed Arauce's ghost
 41753 | Spider:4 | Got a gossamer rune of Zot
 42313 | Shoals:4 | Entered Level 4 of the Shoals
 42410 | Shoals:4 | Noticed Ilsuiw
 42430 | Shoals:4 | Killed Ilsuiw
 42716 | Shoals:4 | Reached skill level 17 in Shields
 42871 | Shoals:4 | Got a barnacled rune of Zot
 43418 | Vaults:1 | Entered Level 1 of the Vaults
 43461 | Vaults:1 | Reached skill level 4 in Stealth
 43488 | D:14     | Received a gift from Trog
 43489 | D:14     | Reached skill level 5 in Stealth
 43729 | Vaults:1 | Reached skill level 6 in Stealth
 43786 | Vaults:1 | Found a ruined gateway.
 43809 | Vaults:1 | Received a gift from Trog
 43865 | Desolati | Entered the Desolation of Salt
 43957 | Desolati | Reached skill level 7 in Stealth
 44146 | Desolati | Reached XP level 20. HP: 76/134 MP: 27/27
 44434 | Desolati | Reached skill level 11 in Fighting
 44535 | Desolati | Got a bound ivory ring
 44561 | Desolati | Got a scintillating lapis lazuli ring
 44589 | Desolati | Got a transparent ivory amulet
 44593 | Desolati | Identified the amulet of the Insatiable Queens {Spirit Int+3 Dex+4} (You found it in the Desolation of Salt)
 44594 | Desolati | Identified the ring of Existentialism {Ice rElec Dex+3} (You took it off a ragged hierophant in the Desolation of Salt)
 44595 | Desolati | Identified the ring "Ynaom" {+Fly MP+9 Dex-2 Slay+5 SInv} (You found it in the Desolation of Salt)
 44703 | Desolati | HP: 33/135 [crystal guardian[a halazid warlock] (13)]
 45044 | Desolati | Got a brightly glowing gossamer ring
 45052 | Desolati | Identified Sif Muna's Guide on Doomed Flight
 45089 | Desolati | Identified the ring "Eruurism" {-Tele rN+ EV+2 Int+4} (You found it in the Desolation of Salt)
 45117 | Desolati | Received a gift from Trog
 45754 | Desolati | Reached skill level 18 in Shields
 46004 | Desolati | Got a warped copper ring
 46061 | Desolati | Received a gift from Trog
 46090 | Desolati | Identified the ring "Postyvec" {rC+ rN+ MR+ Int-4} (You found it in the Desolation of Salt)
 46095 | Desolati | Got a shimmering platinum ring
 46096 | Desolati | Identified the ring "Ecaorufe" {Str+3 Dex+5} (You found it in the Desolation of Salt)
 46764 | Vaults:1 | Found Urries's Weapon Shop.
 47419 | Vaults:1 | Received a gift from Trog
 47428 | D:14     | Reached skill level 15 in Dodging
 47794 | Vaults:1 | Got a brightly glowing shortbow
 47807 | Vaults:1 | Reached skill level 12 in Fighting
 47977 | Vaults:1 | Received a gift from Trog
 48258 | Vaults:1 | Reached skill level 12 in Armour
 48679 | Vaults:2 | Reached XP level 21. HP: 138/143 MP: 28/28
 48929 | Vaults:2 | Reached skill level 13 in Armour
 49253 | Vaults:2 | Reached skill level 10 in Evocations
 49401 | Vaults:2 | Found Maseifroro's Book Emporium.
 49603 | Vaults:2 | Found a staircase to the Crypt.
 49608 | Vaults:2 | Noticed a bone dragon
 49626 | Vaults:2 | Killed a bone dragon
 49626 | Vaults:2 | Received a gift from Trog
 49626 | Vaults:2 | Reached skill level 11 in Evocations
 50280 | Vaults:2 | Got a pair of encrusted boots
 50290 | Vaults:2 | Received a gift from Trog
 50290 | Vaults:2 | Reached skill level 12 in Evocations
 50297 | Vaults:2 | Identified the +1 pair of boots of Liberalism {-Cast rPois rN+ SInv} (You acquired it on level 2 of the Vaults)
 50566 | Vaults:3 | Upgraded the game from 0.20-a0-1122-gb7cbeb9 to 0.20-a0-1124-g2e29d97
 50668 | Vaults:2 | Received a gift from Trog
 50917 | Vaults:3 | Received a gift from Trog
 50952 | Vaults:3 | HP: 12/143 [vault warden/war axe of flaming (25)]
 50959 | Vaults:3 | HP: 19/143 [yaktaur/bolt[a vault warden] (8)]
 50987 | Vaults:3 | Noticed Aizul
 50997 | Vaults:2 | HP: 32/143 [deep elf death mage/rapier[an ironheart preserver] (6)]
 51002 | Vaults:2 | HP: 14/143 [Aizul (13)]
 51005 | Vaults:2 | Killed Aizul
 51031 | Vaults:2 | Killed the ghostly Aizul
 51395 | Vaults:3 | Reached skill level 16 in Dodging
 51524 | Vaults:3 | Reached XP level 22. HP: 129/149 MP: 31/31
 51957 | Vaults:3 | Received a gift from Trog
 51982 | Vaults:3 | Reached skill level 13 in Fighting
 52183 | Vaults:3 | Received a gift from Trog
 52478 | Vaults:3 | Received a gift from Trog
 52482 | Vaults:3 | Reached skill level 21 in Slings
 52710 | Vaults:3 | Noticed Saint Roka
 52952 | Vaults:3 | Killed Saint Roka
 53002 | Vaults:3 | Noticed Jory
 53024 | Vaults:3 | Killed Jory
 53048 | Vaults:3 | Reached skill level 22 in Slings
 53087 | Vaults:3 | Found Alexip's Magic Scroll Emporium.
 53104 | Vaults:3 | Bought 3 scrolls of enchant weapon for 382 gold pieces
 53113 | Vaults:3 | Bought a scroll of teleportation for 51 gold pieces
 53113 | Vaults:3 | Bought a scroll of identify for 34 gold pieces
 53113 | Vaults:3 | Bought a scroll of teleportation for 51 gold pieces
 53113 | Vaults:3 | Bought a scroll of teleportation for 51 gold pieces
 53595 | Vaults:2 | Reached skill level 14 in Armour
 53902 | Vaults:3 | Received a gift from Trog
 54491 | Vaults:4 | Found Ixti's Food Shoppe.
 54573 | Vaults:4 | Reached skill level 15 in Armour
 54786 | Vaults:4 | Reached XP level 23. HP: 157/157 MP: 32/32
 55445 | Vaults:4 | Reached skill level 16 in Armour
 55476 | Vaults:4 | Received a gift from Trog
 56954 | D:15     | Reached skill level 17 in Armour
 57481 | Depths:1 | Noticed Tinos's ghost (adept SpEn)
 57491 | D:15     | Received a gift from Trog
 57704 | Depths:1 | Found a glowing golden altar of the Shining One.
 57778 | Depths:1 | Found a gateway to Hell.
 57810 | Depths:1 | Killed Tinos's ghost
 57877 | Depths:1 | Received a gift from Trog
 57877 | Depths:1 | Reached skill level 19 in Shields
 58466 | Depths:1 | Received a gift from Trog
 58539 | Depths:1 | Noticed Sojobo
 58552 | Depths:1 | Killed Sojobo
 58584 | Depths:1 | Reached XP level 24. HP: 44/163 MP: 32/32
 59032 | Depths:2 | Reached skill level 20 in Shields
 59175 | Depths:2 | Found Postracko's Book Shoppe.
 59557 | Depths:2 | Found Qihaga's Pet Rocks.
 59576 | Depths:2 | Bought 13 sling bullets for 65 gold pieces
 59597 | Depths:2 | Noticed a caustic shrike
 59614 | Depths:2 | Killed a caustic shrike
 60164 | Depths:2 | Identified Akinloek's Collected Works on Changing and the Birds
 60174 | Depths:2 | Reached skill level 21 in Shields
 60420 | Depths:2 | Noticed a golden dragon
 60460 | Depths:2 | Received a gift from Trog
 61159 | Depths:2 | Killed a golden dragon
 61159 | Depths:2 | Reached skill level 13 in Evocations
 61322 | Depths:2 | Found a one-way gate to the infinite horrors of the Abyss.
 61359 | Depths:2 | Received a gift from Trog
 62100 | Lair:2   | Upgraded the game from 0.20-a0-1124-g2e29d97 to 0.20-a0-1126-g0f15420
 62397 | Depths:3 | Received a gift from Trog
 62456 | Depths:3 | Found a one-way gate leading to the halls of Pandemonium.
 62645 | Depths:3 | Reached skill level 8 in Stealth
 62943 | Depths:3 | Reached skill level 9 in Stealth
 63001 | Depths:3 | Found Gozag's Assorted Antiques.
 63015 | Depths:3 | Found Gozag's Antique Armour Shop.
 63025 | Depths:3 | Found an opulent altar of Gozag.
 63025 | Depths:3 | Noticed a golden dragon
 63038 | Depths:3 | Bought a crude cloak for 950 gold pieces
 63071 | Depths:3 | Identified the +1 cloak "Uduzom" {+Inv rF- Dex+8} (You bought it in a shop on level 3 of the Depths)
 63147 | Depths:3 | Reached skill level 10 in Stealth
 63178 | Depths:3 | Reached XP level 25. HP: 169/169 MP: 32/32
 63298 | Depths:3 | Reached skill level 11 in Stealth
 63518 | Depths:3 | Found Gozag's Assorted Antiques.
 63566 | Depths:3 | Received a gift from Trog
 63844 | Depths:3 | Reached skill level 12 in Stealth
 64500 | Depths:4 | Reached skill level 13 in Stealth
 64593 | Depths:4 | Noticed Xtahua
 64987 | Depths:4 | Reached skill level 14 in Stealth
 65360 | Depths:4 | Received a gift from Trog
 65450 | Depths:4 | Reached skill level 15 in Stealth
 65653 | Depths:4 | Found a gateway to a ziggurat.
 65888 | Depths:4 | Found a shattered altar of Ashenzari.
 65910 | Depths:4 | Found a corrupted altar of Lugonu.
 65947 | Depths:4 | Reached skill level 16 in Stealth
 66533 | Depths:5 | Entered Level 5 of the Depths
 66605 | Depths:5 | Paralysed by a floating eye for 3 turns
 66615 | Depths:5 | Paralysed by a floating eye for 3 turns
 66921 | Depths:5 | Reached skill level 17 in Stealth
 66921 | Depths:5 | Reached XP level 26. HP: 175/175 MP: 32/32
 67475 | Depths:5 | Received a gift from Trog
 67899 | Depths:5 | Reached skill level 18 in Stealth
 68345 | Depths:5 | Found a gate to the Realm of Zot.
 69523 | Depths:2 | Voluntarily entered the Abyss.
 69687 | Abyss:1  | Reached skill level 17 in Dodging
 69848 | Depths:2 | Escaped the Abyss
 70442 | Depths:2 | Voluntarily entered the Abyss.
 71031 | Abyss:2  | Found a corrupted altar of Lugonu.
 71168 | Abyss:2  | Received a gift from Trog
 71502 | Abyss:3  | Received a gift from Trog
 71663 | Depths:2 | Escaped the Abyss
 71671 | Depths:2 | Reached skill level 23 in Slings
 71808 | Depths:2 | Voluntarily entered the Abyss.
 72055 | Abyss:1  | Upgraded the game from 0.20-a0-1126-g0f15420 to 0.20-a0-1127-g1289703
 72690 | Abyss:2  | Reached skill level 19 in Stealth
 72980 | Abyss:2  | Received a gift from Trog
 73383 | Abyss:2  | Lost intelligence.
 73464 | Abyss:2  | Reached XP level 27. HP: 171/180 MP: 32/32
 73796 | Abyss:3  | Gained mutation: You are frail. (-10% HP) [a shining eye]
 74014 | Abyss:3  | Reached skill level 14 in Fighting
 74104 | Abyss:3  | Received a gift from Trog
 74351 | Abyss:3  | Found a viscous altar of Jiyva.
 74379 | Abyss:3  | Received a gift from Trog
 74434 | Abyss:3  | Received a gift from Trog
 74449 | Abyss:3  | HP: 36/165 [sun demon[a balrug] (18)]
 74662 | Abyss:3  | Gained mutation: You are dopey. (Int -2) [a neqoxec]
 74753 | Abyss:3  | Reached skill level 18 in Dodging
 74803 | Abyss:3  | Got an abyssal rune of Zot
 74809 | Abyss:3  | Paralysed by accursed screaming for 1 turns
 74811 | Abyss:3  | HP: 40/165 [starcursed mass/accursed screaming[an orange crystal statue] (12)]
 74814 | Abyss:3  | HP: 16/165 [starcursed mass/accursed screaming[an orange crystal statue] (15)]
 74815 | Abyss:3  | Paralysed by accursed screaming for 2 turns
 74952 | Depths:2 | Escaped the Abyss
 75729 | Depths:3 | Killed Xtahua
 75879 | Zot:1    | Entered Level 1 of the Realm of Zot
 75897 | Zot:1    | HP: 53/247 [storm dragon (17)]
 75900 | Zot:1    | HP: 24/247 [white draconian/trident of protection (9)]
 75912 | Depths:5 | HP: 12/165 [white draconian/trident of protection (10)]
 75919 | Depths:5 | Received a gift from Trog
 76297 | Depths:5 | Reached skill level 24 in Slings
 77050 | Depths:5 | Reached skill level 18 in Armour
 77597 | Zot:2    | Noticed an orb of fire
 79046 | Vaults:3 | Received a gift from Trog
 79379 | Zot:2    | Gained mutation: You possess an exceptional clarity of mind. [an orb of fire]
 79381 | Zot:2    | Gained mutation: You are weak. (Str -2) [an orb of fire]
 79399 | Zot:2    | Gained mutation: Your magical capacity is low. (-10% MP) [an orb of fire]
 79438 | Zot:2    | Killed an orb of fire
 79438 | Zot:2    | Reached skill level 19 in Armour
 80410 | Zot:3    | Reached skill level 15 in Long Blades
 81055 | Zot:3    | Reached skill level 15 in Fighting
 82029 | Zot:3    | Reached skill level 16 in Fighting
 82481 | Zot:3    | Reached skill level 19 in Dodging
 83099 | Zot:4    | Received a gift from Trog
 83583 | Zot:3    | Reached skill level 20 in Dodging
 83746 | Zot:4    | Noticed Tiamat
 84077 | Zot:4    | Received a gift from Trog
 84604 | Zot:5    | Entered Level 5 of the Realm of Zot
 84763 | Zot:5    | Reached skill level 25 in Slings
 85516 | Zot:5    | Noticed an orb of fire
 85519 | Zot:5    | Lost mutation: You possess an exceptional clarity of mind. [an orb of fire]
 85527 | Zot:5    | HP: 59/255 [orb of fire/fireball (11)]
 85534 | Zot:5    | HP: 55/255 [electric golem/bolt of lightning (11)]
 85538 | Zot:5    | Killed an orb of fire
 85544 | Zot:5    | HP: 42/170 [electric golem/bolt of lightning (11)]
 85549 | Zot:5    | HP: 41/170 [electric golem (9)]
 85556 | Zot:5    | HP: 28/170 [electric golem/bolt of lightning (9)]
 85559 | Zot:5    | Reached skill level 26 in Slings
 85781 | Zot:5    | Noticed an ancient lich
 85815 | Zot:5    | Killed an ancient lich
 85909 | Zot:5    | Noticed an ancient lich
 86476 | Zot:5    | Reached skill level 27 in Slings
 86614 | Zot:5    | Noticed an ancient lich
 86617 | Zot:5    | HP: 51/256 [ancient lich/bolt of fire (54)]
 86622 | Zot:5    | Killed an ancient lich
 86829 | Zot:5    | Noticed an ancient lich
 86851 | Zot:5    | Killed an ancient lich
 86851 | Zot:5    | Received a gift from Trog
 86920 | Zot:5    | Noticed an orb of fire
 86977 | Zot:5    | Killed an orb of fire
 86984 | Zot:5    | Reached skill level 17 in Fighting
 86991 | Zot:5    | HP: 43/172 [Hell Sentinel[an ancient lich] (25)]
 86993 | Zot:5    | Slain by a Hell Sentinel

Vault maps used:
D:1:      saegor_arrival_under_anarchy
D:2:      kennysheep_jessica_study, uniq_terence, uniq_jessica
D:3:      minmay_door_path, guppyfry_early_orc_mine
D:4:      minmay_temple_entry_water_ring, first_bread, serial_park_tiny_pond,
          nicolae_qazlal_general_emergency
D:5:      gammafunk_temple_overflow_forgotten, serial_shops,
          kennysheep_little_box
D:6:      portal_sewer_entry_e
D:7:      minmay_cornered_nines, old_standard_altar, minmay_misc_feat_cross
D:8:      hangedman_incinerator
D:9:      erik_lair_dragon, basic_altar, lemuel_tele_altar, uniq_erolcha
D:10:     serial_shops, nicolae_shop_behind_doors
D:11:     hiddenorc2_lemuel, special_room, uniq_maurice
D:12:     the_bakery
D:13:     serial_shops, nicolae_shop_waterfront, uniq_josephine
D:14:     lightli_vaults_fourway_checkpoint, hangedman_abyss_or_decor_slice,
          lab_entry_generic
D:15:     grunt_enter_depths_giant_problem, fedhas_altar_4, serial_shops,
          shop_statue
Temple:   dpeg_five_rooms_temple
Lair:1:   wad_woods_03, grunt_megastairs_3, uniq_grum
Lair:2:   serial_bayou_pond_d, minivault_23
Lair:3:   spider_nest_entry_a, portal_ice_cave_demonic_guard, enter_volcano_3,
          uniq_nergalle
Lair:4:   minmay_shoals_entry_lonely_mermaid
Lair:5:   uniq_rupert
Lair:6:   minmay_lair_end_frog_pond, minmay_slime_entry_eyes, uniq_nessos
Shoals:1: serial_shops, shop, nicolae_shoals_so_close
Shoals:2: nicolae_shoals_island_circles
Shoals:4: shoals_end_grunt_ice, shoals_ilsuiw_ice,
          nicolae_shoals_circle_sea_wall
Spider:1: guppyfry_spider_mini_1, uniq_donald
Spider:4: guppyfry_spider_rune
Orc:2:    grunt_orc_community_town_hall, grunt_orc_community_big_house_2,
          grunt_orc_community_big_house_1, grunt_orc_community_house_3,
          grunt_orc_community_house_1, grunt_orc_community_house_1,
          grunt_orc_community_house_1, serial_shops, shop, basic_altar,
          nicolae_orc_pool_cavern, uniq_sonja
Vaults:1: dpeg_vaults_monster_box, vaults_dpeg_hooks, hangedman_vaults_locks,
          nicolae_vaults_triangles, nicolae_vaults_shelves_hall,
          vaults_mumra_hexcomb, vaults_room_door_ring,
          nicolae_vaults_network_periphery, v_misc_32,
          portal_desolation_entry_nicolae_nacl, serial_shops, nicolae_shop_stone
Vaults:2: grunt_vaults_funnel, minmay_crypt_entry_nasty_monster,
          nicolae_vaults_network_s, nicolae_vaults_big_angled_halls,
          ontoclasm_vaults_fault, v_misc_30, vaults_room_guarded_vault,
          vaults_room_stairs_pillars, serial_shops, nicolae_shop_waterfront
Vaults:3: v_misc_19, v_misc_4, v_misc_29, nicolae_vaults_theta, kb_rosetta,
          v_pattern_4, hangedman_vaults_maws, hangedman_vaults_hat, v_misc_4,
          hangedman_vaults_impose, vaults_room_mumra_shop_pool, uniq_aizul,
          uniq_jory, uniq_saint_roka
Vaults:4: v_misc_10, ontoclasm_vaults_gateway, vaults_room_octagon,
          vaults_room_large_hall, v_misc_23, hangedman_vaults_slice,
          nicolae_vaults_yaktaur_gun_rack, serial_shops, nicolae_shop_waterfront
Depths:1: tso_metal_star, hell_entry, infiniplex_enter_wizlab_spiral,
          minmay_door_square, kennysheep_generic_room_2, uniq_sojobo
Depths:2: minmay_crescents, serial_shops, kennysheep_mini,
          hangedman_decor_growths, abyss_entry_crystal, hangedman_coc_ice_floe,
          guppyfry_shop_earth, infiniplex_staircase_diamond
Depths:3: kennysheep_gozag_temple, rand_demon_pan_entry_1, hell_entry,
          kennysheep_cluttered_room, serial_bayou_pond_c, serial_bayou_shore_a
Depths:4: onia_ninara_swampy_vault, enter_ziggurat_d, ashenzari_altar_1,
          abyss_entry_flame_altar, hell_entry, rand_demon_pan_entry_3,
          uniq_xtahua
Depths:5: grunt_bruiser_brothers, hell_entry
Zot:1:    grunt_ministairs_4, st_single_dragon_hoard_2
Zot:2:    lemuel_baited_zot_trap
Zot:4:    uniq_tiamat
Abyss:1:  minivault_11
Abyss:2:  hangedman_decor_points, hangedman_abyss_shoalhut
Abyss:3:  evilmike_abyss_exit_5, hangedman_decor_peaks_small,
          evilmike_abyss_exit_vortex, lemuel_flamethrower_3,
          evilmike_abyss_rune_ettins
Sewer:    sewer_co_tree
IceCv:    ice_cave_caverns_02

Skill      XL: |  1  2  3  4  5  6  7  8  9 10 11 12 13 14 15 16 17 18 19 20 21 22 23 24 25 26 27 |
---------------+----------------------------------------------------------------------------------+-----
Long Blades    | 4 5 6 7 13 14 15 | 15.0
Slings         | 2 6 7 8 13 14 16 17 19 20 22 23 27 | 27.0
Shields        | 3 4 6 8 11 15 17 18 19 21 | 21.1
Dodging        | 5 7 8 10 12 14 15 16 17 20 | 20.0
Evocations     | 3 8 9 12 13 | 13.2
Fighting       | 3 5 6 7 8 10 12 13 17 | 17.0
Armour         | 3 7 11 12 13 15 17 19 | 19.2
Stealth        | 3 7 10 17 19 | 19.5

Action                   |  1- 3 |  4- 6 |  7- 9 | 10-12 | 13-15 | 16-18 | 19-21 | 22-24 | 25-27 || total
-------------------------+-------+-------+-------+-------+-------+-------+-------+-------+-------++-------
Melee: Falchion          |    93 |   207 |       |       |       |       |       |       |       ||   300
       Dagger            |       |    60 |   210 |   624 |   676 |       |       |       |       ||  1570
       Headbutt          |       |       |     8 |   152 |   295 |   247 |   295 |   262 |   764 ||  2023
       Fustibalus        |       |       |       |     1 |     3 |     3 |       |       |       ||     7
       Demon blade       |       |       |       |       |   361 |   813 |  1053 |   839 |  2158 ||  5224
       Double sword      |       |       |       |       |       |       |       |       |    64 ||    64
 Fire: Hunting sling     |       |     1 |   142 |    71 |       |       |       |       |       ||   214
       Fustibalus        |       |       |       |   224 |   587 |   592 |   431 |   646 |   928 ||  3408
Throw: Stone             |       |     4 |       |     1 |     5 |     4 |     6 |     2 |    11 ||    33
Invok: Berserk           |       |     1 |     1 |     3 |     2 |       |     4 |     7 |    12 ||    30
       Brothers in Arms  |       |       |       |     1 |     1 |       |     4 |       |       ||     6
       Trog's Hand       |       |       |       |     1 |     1 |     4 |     6 |       |     5 ||    17
 Abil: Evoke Flight      |       |       |       |       |       |    14 |     2 |       |     4 ||    20
       Stop Flying       |       |       |       |       |       |     1 |       |       |       ||     1
Evoke: Wand              |       |       |       |       |     1 |     1 |     3 |     1 |     1 ||     7
  Use: Scroll            |       |       |    13 |    14 |    14 |    11 |    12 |     5 |    10 ||    79
       Potion            |       |       |    12 |     2 |       |       |     2 |     1 |     6 ||    23
 Stab: Sleeping          |       |       |       |     5 |       |       |     2 |       |     2 ||     9
       Distracted        |       |       |       |     1 |       |       |     2 |       |     9 ||    12
       Petrified         |       |       |       |       |       |       |       |     1 |       ||     1
  Eat: Chunk             |       |    11 |    17 |    28 |    36 |    23 |    30 |    30 |    31 ||   206
       Royal jelly       |       |       |       |     1 |     3 |     1 |     2 |     1 |     3 ||    11
       Fruit             |       |       |       |       |     2 |     3 |     1 |       |     5 ||    11
       Bread ration      |       |       |       |       |       |     2 |       |     1 |     5 ||     8
       Meat ration       |       |       |       |       |       |     1 |     2 |     1 |     5 ||     9
Armor: Animal skin       |    11 |     5 |       |       |       |       |       |       |       ||    16
       Ring mail         |       |    61 |    36 |    29 |       |       |       |       |       ||   126
       Leather armour    |       |     3 |       |       |       |       |       |       |       ||     3
       Chain mail        |       |       |       |    75 |   257 |   237 |   226 |   159 |   598 ||  1552
       Skin              |       |       |       |     5 |       |       |       |       |       ||     5
Dodge: Dodged            |    70 |   194 |    68 |   222 |   526 |   385 |   428 |   307 |  1112 ||  3312
Block: Buckler           |       |       |    38 |   103 |   325 |   219 |       |       |       ||   685
       Reflection        |       |       |       |       |     3 |    38 |    50 |    53 |    47 ||   191
       Shield            |       |       |       |       |       |   371 |   892 |   603 |  1478 ||  3344
       Rpst.: Falchion   |    21 |    41 |       |       |       |       |       |       |       ||    62
       Demon blade       |       |       |       |       |    35 |    73 |    70 |    42 |   164 ||   384
       Double sword      |       |       |       |       |       |       |       |       |     5 ||     5

Vault maps used:
D:1:      saegor_arrival_under_anarchy
D:2:      kennysheep_jessica_study, uniq_terence, uniq_jessica
D:3:      minmay_door_path, guppyfry_early_orc_mine
D:4:      minmay_temple_entry_water_ring, first_bread, serial_park_tiny_pond,
          nicolae_qazlal_general_emergency
D:5:      gammafunk_temple_overflow_forgotten, serial_shops,
          kennysheep_little_box
D:6:      portal_sewer_entry_e
D:7:      minmay_cornered_nines, old_standard_altar, minmay_misc_feat_cross
D:8:      hangedman_incinerator
D:9:      erik_lair_dragon, basic_altar, lemuel_tele_altar, uniq_erolcha
D:10:     serial_shops, nicolae_shop_behind_doors
D:11:     hiddenorc2_lemuel, special_room, uniq_maurice
D:12:     the_bakery
D:13:     serial_shops, nicolae_shop_waterfront, uniq_josephine
D:14:     lightli_vaults_fourway_checkpoint, hangedman_abyss_or_decor_slice,
          lab_entry_generic
D:15:     grunt_enter_depths_giant_problem, fedhas_altar_4, serial_shops,
          shop_statue
Temple:   dpeg_five_rooms_temple
Lair:1:   wad_woods_03, grunt_megastairs_3, uniq_grum
Lair:2:   serial_bayou_pond_d, minivault_23
Lair:3:   spider_nest_entry_a, portal_ice_cave_demonic_guard, enter_volcano_3,
          uniq_nergalle
Lair:4:   minmay_shoals_entry_lonely_mermaid
Lair:5:   uniq_rupert
Lair:6:   minmay_lair_end_frog_pond, minmay_slime_entry_eyes, uniq_nessos
Shoals:1: serial_shops, shop, nicolae_shoals_so_close
Shoals:2: nicolae_shoals_island_circles
Shoals:4: shoals_end_grunt_ice, shoals_ilsuiw_ice,
          nicolae_shoals_circle_sea_wall
Spider:1: guppyfry_spider_mini_1, uniq_donald
Spider:4: guppyfry_spider_rune
Orc:2:    grunt_orc_community_town_hall, grunt_orc_community_big_house_2,
          grunt_orc_community_big_house_1, grunt_orc_community_house_3,
          grunt_orc_community_house_1, grunt_orc_community_house_1,
          grunt_orc_community_house_1, serial_shops, shop, basic_altar,
          nicolae_orc_pool_cavern, uniq_sonja
Vaults:1: dpeg_vaults_monster_box, vaults_dpeg_hooks, hangedman_vaults_locks,
          nicolae_vaults_triangles, nicolae_vaults_shelves_hall,
          vaults_mumra_hexcomb, vaults_room_door_ring,
          nicolae_vaults_network_periphery, v_misc_32,
          portal_desolation_entry_nicolae_nacl, serial_shops, nicolae_shop_stone
Vaults:2: grunt_vaults_funnel, minmay_crypt_entry_nasty_monster,
          nicolae_vaults_network_s, nicolae_vaults_big_angled_halls,
          ontoclasm_vaults_fault, v_misc_30, vaults_room_guarded_vault,
          vaults_room_stairs_pillars, serial_shops, nicolae_shop_waterfront
Vaults:3: v_misc_19, v_misc_4, v_misc_29, nicolae_vaults_theta, kb_rosetta,
          v_pattern_4, hangedman_vaults_maws, hangedman_vaults_hat, v_misc_4,
          hangedman_vaults_impose, vaults_room_mumra_shop_pool, uniq_aizul,
          uniq_jory, uniq_saint_roka
Vaults:4: v_misc_10, ontoclasm_vaults_gateway, vaults_room_octagon,
          vaults_room_large_hall, v_misc_23, hangedman_vaults_slice,
          nicolae_vaults_yaktaur_gun_rack, serial_shops, nicolae_shop_waterfront
Depths:1: tso_metal_star, hell_entry, infiniplex_enter_wizlab_spiral,
          minmay_door_square, kennysheep_generic_room_2, uniq_sojobo
Depths:2: minmay_crescents, serial_shops, kennysheep_mini,
          hangedman_decor_growths, abyss_entry_crystal, hangedman_coc_ice_floe,
          guppyfry_shop_earth, infiniplex_staircase_diamond
Depths:3: kennysheep_gozag_temple, rand_demon_pan_entry_1, hell_entry,
          kennysheep_cluttered_room, serial_bayou_pond_c, serial_bayou_shore_a
Depths:4: onia_ninara_swampy_vault, enter_ziggurat_d, ashenzari_altar_1,
          abyss_entry_flame_altar, hell_entry, rand_demon_pan_entry_3,
          uniq_xtahua
Depths:5: grunt_bruiser_brothers, hell_entry
Zot:1:    grunt_ministairs_4, st_single_dragon_hoard_2
Zot:2:    lemuel_baited_zot_trap
Zot:4:    uniq_tiamat
Abyss:1:  minivault_11
Abyss:2:  hangedman_decor_points, hangedman_abyss_shoalhut
Abyss:3:  evilmike_abyss_exit_5, hangedman_decor_peaks_small,
          evilmike_abyss_exit_vortex, lemuel_flamethrower_3,
          evilmike_abyss_rune_ettins
Sewer:    sewer_co_tree
IceCv:    ice_cave_caverns_02

Table legend:
 A = Turns spent in this place as a percentage of turns spent in the entire game.
 B = Non-inter-level travel turns spent in this place as a percentage of non-inter-level travel turns spent in the entire game.
 C = Inter-level travel turns spent in this place as a percentage of turns spent in this place.
 D = Turns resting spent in this place as a percentage of non-inter-level travel turns spent in this place.
 E = Turns spent auto-exploring this place as a percentage of non-inter-level travel turns spent in this place.
 F = Non-inter-level travel turns spent in this place divided by the number of levels of this place that you've seen.
                   A       B       C       D       E      F
               +-------+-------+-------+-------+-------+----------------------
         Total | 100.0 | 100.0 |   0.5 |   2.4 |   2.1 | 694.1
       Dungeon |  18.3 |  18.2 |   1.0 |   2.1 |   4.8 | 480.5
        Temple |   0.1 |   0.1 |   3.7 |   0.0 |  65.4 |  26.0
          Lair |   8.2 |   8.1 |   1.3 |   0.8 |   3.4 | 536.3
        Shoals |   6.9 |   6.9 |   0.2 |   3.2 |   0.0 | 680.8
   Spider Nest |   6.7 |   6.7 |   0.4 |   2.0 |   4.1 | 667.5
  Orcish Mines |   1.6 |   1.6 |   0.3 |   1.6 |   1.4 | 320.5
        Vaults |  13.2 |  13.2 |   0.4 |   2.1 |   1.1 | 1302.0
        Depths |  12.4 |  12.4 |   0.5 |   3.1 |   3.2 | 982.2
           Zot |  12.4 |  12.5 |   0.2 |   4.0 |   0.3 | 986.8
         Abyss |  10.5 |  10.5 |   0.0 |   2.6 |   0.0 | 594.9
     Labyrinth |   3.4 |   3.4 |   0.0 |   0.0 |   0.0 | 1355.0
         Sewer |   0.9 |   0.9 |   0.0 |   0.6 |   6.4 | 358.0
      Ice Cave |   2.0 |   2.0 |   0.0 |   1.7 |   1.0 | 776.0
    Desolation |   3.5 |   3.5 |   0.0 |   2.0 |   0.1 | 1375.0
               +-------+-------+-------+-------+-------+----------------------

Table legend:
 A = Kills in this place as a percentage of kills in entire the game.
 B = Kills by you in this place as a percentage of kills by you in the entire game.
 C = Kills by friends in this place as a percentage of kills by friends in the entire game.
 D = Other kills in this place as a percentage of other kills in the entire game.
 E = Experience gained in this place as a percentage of experience gained in the entire game.
 F = Experience gained in this place divided by the number of levels of this place that you have seen.
                   A       B       C       D       E      F
               +-------+-------+-------+-------+-------+----------------------
         Total | 100.0 | 100.0 | 100.0 | 100.0 | 100.0 | 26586.4
       Dungeon |  23.2 |  23.6 |   3.3 |   0.0 |   6.3 | 6413.1
          Lair |   7.4 |   7.4 |   0.0 |   8.7 |   3.7 | 9427.8
        Shoals |   5.4 |   5.0 |  46.7 |   0.0 |   5.0 | 19014.2
   Spider Nest |   9.0 |   9.2 |   0.0 |   0.0 |   6.1 | 23116.8
  Orcish Mines |   2.3 |   2.3 |   0.0 |   0.0 |   0.5 | 3795.5
        Vaults |  15.6 |  15.3 |  20.0 |  34.8 |  18.3 | 69158.2
        Depths |  14.1 |  14.1 |   0.0 |  34.8 |  23.7 | 71867.6
           Zot |   6.6 |   6.7 |   0.0 |   4.3 |  22.3 | 67587.8
         Abyss |  10.7 |  10.9 |   0.0 |   4.3 |  10.4 | 22410.4
     Labyrinth |   0.0 |   0.0 |   0.0 |   0.0 |   0.1 | 1105.0
         Sewer |   1.1 |   1.1 |   0.0 |   0.0 |   0.0 | 400.0
      Ice Cave |   1.6 |   1.5 |   6.7 |   8.7 |   0.7 | 9948.0
    Desolation |   3.1 |   2.8 |  23.3 |   4.3 |   2.9 | 44309.0
               +-------+-------+-------+-------+-------+----------------------
